 Dungeon Crawl Stone Soup version 0.22-a0-433-gd2a9cce (webtiles) character file.

219 galech the Skirmisher (level 5, 0/57 HPs)
             Began as an Ogre Berserker on May 28, 2018.
             Was a Believer of Trog.
             Succumbed to an adder's poison
             ... on level 4 of the Dungeon.
             The game lasted 00:04:54 (2988 turns).

galech the Skirmisher (Ogre Berserker)              Turns: 2988, Time: 00:04:55

Health: 0/57       AC:  3    Str: 22    XL:     5   Next: 96%
Magic:  5/5        EV: 10    Int:  8    God:    Trog [**....]
Gold:   140        SH:  0    Dex:  8    Spells: 4/4 levels left

rFire    . . .     SeeInvis .   a - +0 mace
rCold    . . .     Gourm    .   (no shield)
rNeg     . . .     Faith    .   b - +0 animal skin
rPois    .         Spirit   .   (helmet restricted)
rElec    .         Reflect  .   (no cloak)
rCorr    .         Harm     .   (gloves unavailable)
MR       .....                  (boots unavailable)
Stlth    +.........             (no amulet)
HPRegen  0.19/turn              (no ring)
MPRegen  0.09/turn              (no ring)

@: lethally poisoned (0 -> -2), berserk cooldown, slowed, very slow
A: large, unfitting armour, tough skin 1
a: Berserk, Trog's Hand, Renounce Religion


You were on level 4 of the Dungeon.
You worshipped Trog.
Trog was pleased with you.
You were hungry.

You visited 1 branch of the dungeon, and saw 4 of its levels.

You collected 140 gold pieces.

Inventory:

Hand Weapons
 a - a +0 mace (weapon)
Armour
 b - a +0 animal skin (worn)
Wands
 s - a wand of polymorph (5)
Scrolls
 d - 3 scrolls of remove curse {unknown}
 e - 2 scrolls of fear {unknown}
 g - a scroll of blinking {unknown}
 l - a scroll of fog {unknown}
 m - 5 scrolls of teleportation {unknown}
 o - 6 scrolls of identify {unknown}
 p - a scroll of magic mapping {unknown}
 r - a scroll of enchant weapon {unknown}
 t - a scroll of amnesia {unknown}
Potions
 f - a potion of ambrosia {unknown}
 h - a potion of agility {unknown}
 i - a potion of lignification {unknown}
 j - 3 potions of might {unknown}
 k - 2 potions of heal wounds {unknown}
 n - 2 potions of degeneration {unknown}
 q - a potion of magic {unknown}
Comestibles
 c - 3 rations


   Skills:
 + Level 5.5 Fighting
 + Level 4.2 Maces & Flails
 + Level 3.7 Dodging
 + Level 0.7 Stealth


You had 4 spell levels left.
You didn't know any spells.
Your spell library was empty.

Dungeon Overview and Level Annotations

Branches:
Dungeon (4/15)
 Temple: D:4-7

Altars:
Dithmenos
Fedhas
Gozag
Kikubaaqudgha
Okawaru
Qazlal
Ru


Innate Abilities, Weirdness & Mutations

You are too large for most types of armour.
You have tough skin. (AC +1)


Message History

You kill the orc!
Trog accepts your kill. The adder bites you.
* * * LOW HITPOINT WARNING * * *
You closely miss the adder. The adder bites you.
* * * LOW HITPOINT WARNING * * *
The adder closely misses you. The adder bites you.
* * * LOW HITPOINT WARNING * * *
You closely miss the adder. The adder bites you but does no damage.
The adder bites you.
* * * LOW HITPOINT WARNING * * *
You are lethally poisoned!
The adder poisons you!
You hit the adder.
The adder is lightly wounded.
* * * LOW HITPOINT WARNING * * *
You feel sick. The adder barely misses you. The adder completely misses you.
You miss the adder.
The adder is lightly wounded.
You die...

##.#..# ..(#..#
.#######..#
..........#
.########.# #.#
# #.# .##
#.###o..###
#.)@So.$...
......####...#.#
#####. .## #. #
#. #. #.


You could see an adder and 2 orcs.

Vanquished Creatures
  An orc priest (D:4)
  An orc wizard (D:4)
  3 gnolls (D:3)
  4 adders (D:2)
  An ooze (D:2)
  A worm (D:2)
  5 dart slugs
  5 leopard geckos
  5 orcs
  3 ball pythons
  6 bats
  5 giant cockroaches
  9 goblins
  6 hobgoblins
  3 jackals (D:1)
  A quokka (D:3)
  2 frilled lizards (D:1)
  4 kobolds
  8 rats
73 creatures vanquished.

Notes
Turn   | Place    | Note
-------+----------+-------------------------------------------
     0 | D:1      | galech the Ogre Berserker began the quest for the Orb.
     0 | D:1      | Reached XP level 1. HP: 24/24 MP: 1/1
    44 | D:1      | Reached XP level 2. HP: 27/32 MP: 2/2
   488 | D:1      | Reached XP level 3. HP: 27/40 MP: 3/3
   764 | D:1      | Reached ** piety under Trog
  1295 | D:2      | Reached XP level 4. HP: 39/49 MP: 4/4
  1301 | D:2      | Reached skill level 5 in Fighting
  1586 | D:2      | Found an iron altar of Okawaru.
  2212 | D:3      | Reached XP level 5. HP: 55/57 MP: 5/5
  2417 | D:3      | Found a blossoming altar of Fedhas.
  2558 | D:3      | Found a shadowy altar of Dithmenos.
  2562 | D:3      | Found an opulent altar of Gozag.
  2574 | D:3      | Found a sacrificial altar of Ru.
  2585 | D:3      | Found an ancient bone altar of Kikubaaqudgha.
  2602 | D:3      | Found a stormy altar of Qazlal.
  2986 | D:4      | HP: 2/57 [adder (2)]
  2988 | D:4      | Succumbed to an adder's poison

Vault maps used:
D:1:      lightli_arrival_windingriver, minmay_pentomino_v2
D:2:      nicolae_overflow_crystal_walls
D:3:      fedhas_altar_4, minmay_overflow_temple_star_hex
D:4:      grunt_temple_overflow_open, serial_shops, shop

Skill      XL: |  1  2  3  4  5 |
---------------+----------------+-----
Maces & Flails | 3 4 |  4.2
Dodging        | 3 |  3.7
Fighting       | 5 |  5.5
Stealth        | |  0.7

Action                   |  1- 3 |  4- 6 || total
-------------------------+-------+-------++-------
Melee: Mace              |   128 |   112 ||   240
Invok: Berserk           |       |     2 ||     2
  Eat: Chunk             |     1 |     7 ||     8
Armor: Animal skin       |    59 |    33 ||    92
Dodge: Dodged            |    97 |    70 ||   167

Table legend:
 A = Spawn XP
 B = Non-spawn XP
 C = Spawn XP percentage of total XP
 D = Spawn monster count
 E = Non-spawn monster count
 F = Spawn count percentage of total count
 G = Total turns spent on level
                    A         B        C        D         E        F      G
               +---------+---------+-------+---------+---------+-------+---------
         Total |       0 |     314 |   0.0 |       0 |      73 |   0.0 |  2988
               +---------+---------+-------+---------+---------+-------+---------
           D:1 |       0 |      52 |   0.0 |       0 |      26 |   0.0 |   834
           D:2 |       0 |      98 |   0.0 |       0 |      22 |   0.0 |  1206
           D:3 |       0 |      74 |   0.0 |       0 |      19 |   0.0 |   912
           D:4 |       0 |      90 |   0.0 |       0 |       6 |   0.0 |    36
               +---------+---------+-------+---------+---------+-------+---------
